 Dungeon Crawl Stone Soup version 0.23-a0-49-gd9f7a49 (webtiles) character file.

126 jjfam the Shield-Bearer (level 4, -2/42 HPs)
             Began as a Deep Dwarf Fighter on Aug 7, 2018.
             Succumbed to a kobold's poison
             ... on level 3 of the Dungeon.
             The game lasted 00:04:25 (1912 turns).

jjfam the Shield-Bearer (Deep Dwarf Fighter)        Turns: 1912, Time: 00:04:26

Health: -2/42      AC: 10    Str: 21    XL:     4   Next: 84%
Magic:  1/1        EV:  7    Int:  8    God:
Gold:   100        SH:  9    Dex: 12    Spells: 3/3 levels left

rFire    . . .     SeeInvis +   a - +0 war axe
rCold    . . .     Gourm    .   c - +0 shield
rNeg     . . .     Faith    .   b - +0 scale mail
rPois    .         Spirit   .   s - +0 helmet
rElec    .         Reflect  .   r - +0 cloak
rCorr    .         Harm     .   n - +0 pair of gloves
MR       .....                  (no boots)
Stlth    ..........             (no amulet)
HPRegen  0.00/turn              m - ring of see invisible
MPRegen  0.07/turn              p - ring of attention (curse)

@: lethally poisoned (-2 -> -22), non-regenerating, drained
A: damage resistance, heal wounds, sense surroundings 1, no regeneration
a: Heal Wounds


You were on level 3 of the Dungeon.
You were not hungry.

You visited 1 branch of the dungeon, and saw 3 of its levels.

You collected 100 gold pieces.

Inventory:

Hand Weapons
 a - a +0 war axe (weapon)
 t - a +4 dagger of flaming
Armour
 b - a +0 scale mail (worn)
 c - a +0 shield (worn)
 n - a +0 pair of gloves (worn)
 r - a +0 cloak (worn)
 s - a +0 helmet (worn)
Jewellery
 m - a ring of see invisible (left hand)
 p - a cursed ring of attention (right hand)
Scrolls
 g - a scroll of noise {unknown}
 h - a scroll of teleportation {unknown}
 i - 2 scrolls of enchant armour {unknown}
 k - 7 scrolls of identify {unknown}
 v - a scroll of remove curse {unknown}
Potions
 d - 2 potions of might
 e - a potion of invisibility {unknown}
 j - a potion of flight {unknown}
 l - a potion of haste {unknown}
 o - a potion of curing {unknown}
 q - a potion of lignification {unknown}
Comestibles
 f - 8 rations
 u - a chunk of flesh


   Skills:
 + Level 3.1(2.6) Fighting
 + Level 3.6(3.1) Axes
 + Level 4.0(3.4) Armour
 + Level 1.0(0.5) Dodging
 + Level 0.3(0.0) Stealth
 + Level 4.1(3.6) Shields


You had 3 spell levels left.
You didn't know any spells.
Your spell library was empty.

Dungeon Overview and Level Annotations

Branches:
Dungeon (3/15)

Altars:
Dithmenos
Yredelemnul


Innate Abilities, Weirdness & Mutations

You are resistant to damage.
You can heal yourself by infusing magical energy.
You passively map a small area around you.
You do not regenerate.


Message History

You feel very sick. The kobold hits you but does no damage.
The kobold shoots a poisoned needle.
You block the poisoned needle. The kobold hits you but does no damage.
The kobold shoots a poisoned needle.
You block the poisoned needle.
You are too injured to fight recklessly!
Unknown command.
You slash the kobold!
You kill the kobold!
* * * LOW HITPOINT WARNING * * *
You feel very sick.
You are too injured to fight recklessly!
Unknown command.
* * * LOW HITPOINT WARNING * * *
You feel very sick.
The kobold unwields an uncursed blowgun.
The kobold hits you but does no damage.
You see here a dagger.
You are too injured to fight recklessly!
Unknown command.
You die...

*
######...##....#
..........#####.#
***########..#
#.# * #
#...(((..# * , ..
#...(..#.#
...#...(..#.# , ,
, .......(..#.# *
+*
###....).##..,,
,, #...K@.# #. ,
*#......# .. ,, ,
, #.......# ,
#.......#* * , *
#.....[.+ ,
##......# * *
######## #..#.#


You could see a kobold.

Vanquished Creatures
  Crazy Yiuf (D:2)
  Robin (D:2)
  An adder (D:2)
  2 worms (D:2)
  2 leopard geckos
  3 giant cockroaches
  15 goblins
  8 hobgoblins
  8 jackals
  A quokka (D:3)
  9 bats (D:1)
  4 frilled lizards
  7 kobolds
  4 rats
66 creatures vanquished.

Notes
Turn   | Place    | Note
-------+----------+-------------------------------------------
     0 | D:1      | jjfam the Deep Dwarf Fighter began the quest for the Orb.
     0 | D:1      | Reached XP level 1. HP: 20/20 MP: 1/1
    77 | D:1      | Reached XP level 2. HP: 16/27 MP: 2/2
   439 | D:1      | Reached XP level 3. HP: 28/34 MP: 3/3
  1101 | D:2      | Noticed Robin
  1112 | D:2      | Killed Robin
  1112 | D:2      | Reached XP level 4. HP: 41/42 MP: 2/2
  1275 | D:2      | Found a shadowy altar of Dithmenos.
  1326 | D:2      | Found a basalt altar of Yredelemnul.
  1416 | D:2      | Found a runed door.
  1597 | D:2      | Noticed Crazy Yiuf
  1604 | D:2      | Killed Crazy Yiuf
  1604 | D:2      | Reached skill level 1 in Dodging
  1911 | D:3      | HP: 1/42 [poisoned by a kobold]
  1912 | D:3      | Succumbed to a kobold's poison

Vault maps used:
D:1:      dpeg_arrival_water_temple_mockup, st_stairs_5, serial_park_tiny_1,
          minmay_misc_feat_plants, minmay_misc_feat_five,
          hangedman_decor_peaks_small
D:2:      old_standard_altar, kennysheep_crisscross, yredelemnul_altar_generic,
          uniq_crazy_yiuf_cottage, uniq_robin

Skill      XL: |  1  2  3  4 |
---------------+-------------+-----
Fighting       | 3 |  3.1
Axes           | 3 |  3.6
Shields        | 4 |  4.1
Armour         | 4 |  4.0
Dodging        | 1 |  1.0
Stealth        | |  0.3

Action                   |  1- 3 |  4- 6 || total
-------------------------+-------+-------++-------
Melee: War axe           |   142 |    65 ||   207
 Abil: Heal Wounds       |     4 |     1 ||     5
  Use: Potion            |     1 |       ||     1
  Eat: Chunk             |     1 |     3 ||     4
Armor: Scale mail        |    91 |    28 ||   119
Dodge: Dodged            |    50 |    16 ||    66
Block: Shield            |    95 |    39 ||   134

Table legend:
 A = Spawn XP
 B = Non-spawn XP
 C = Spawn XP percentage of total XP
 D = Spawn monster count
 E = Non-spawn monster count
 F = Spawn count percentage of total count
 G = Total turns spent on level
                    A         B        C        D         E        F      G
               +---------+---------+-------+---------+---------+-------+---------
         Total |       0 |     181 |   0.0 |       0 |      66 |   0.0 |  1912
               +---------+---------+-------+---------+---------+-------+---------
           D:1 |       0 |      55 |   0.0 |       0 |      34 |   0.0 |   853
           D:2 |       0 |     116 |   0.0 |       0 |      25 |   0.0 |   868
           D:3 |       0 |      10 |   0.0 |       0 |       7 |   0.0 |   191
               +---------+---------+-------+---------+---------+-------+---------
